 Dungeon Crawl Stone Soup version 0.32-a0-841-g4648e6c457 (webtiles) character file.

Game seed: 18046734854665852915

699 cforsyth the Magician (level 7, -9/36 HPs)
             Began as a Deep Elf Summoner on Mar 26, 2024.
             Shot with an arrow by a centaur (10 damage)
             ... on level 4 of the Dungeon.
             The game lasted 00:08:32 (4127 turns).

cforsyth the Magician (Deep Elf Summoner)           Turns: 4127, Time: 00:08:33

Health: -9/36      AC:  2    Str: 16    XL:     7   Next: 38%
Magic:  9/28       EV: 11    Int: 22    God:
Gold:   196        SH:  0    Dex: 15    Spells: 6/20 levels left

rFire   . . .        q - +7 hand axe "Quykocs" {freeze, Str+5}
rCold   . . .        (no shield)
rNeg    . . .        a - +0 robe
rPois   .            (no helmet)
rElec   .            (no cloak)
rCorr   .            (no gloves)
SInv    .            (no boots)
Will    .....        (no amulet)
Stlth   ++           M - ring of magical power
HPRegen 0.26/turn    S - +6 ring of strength
MPRegen 0.21/turn

%: no passive effects
@: inugami summoned
A: no striking features
a: no special abilities


You were on level 4 of the Dungeon.
You visited 1 branch of the dungeon, and saw 5 of its levels.

You collected 196 gold pieces.


   Skills:
 - Level 2.4 Dodging
 - Level 2.4 Stealth
 + Level 7.0 Spellcasting
 + Level 6.9 Summonings
 + Level 3.0 Fire Magic
 + Level 3.0 Air Magic


You had 6 spell levels left.
You knew the following spells:

 Your Spells              Type           Power      Damage    Failure   Level
c - Call Imp              Summ           76%        N/A       1%          2
f - Call Canine Familiar  Summ           38%        N/A       1%          3
l - Summon Lightning Spi  Summ/Air       29%        N/A       11%         4
z - Summon Small Mammal   Summ           100%       N/A       1%          1
X - Summon Blazeheart Go  Fire/Summ      29%        N/A       11%         4

Your spell library contained the following spells:

 Spells                   Type           Power      Damage    Failure   Level


Inventory:

Hand Weapons
 q - the +7 hand axe "Quykocs" (weapon) {freeze, Str+5}
   (You found it on level 3 of the Dungeon)

   Str+5:     It affects your strength (+5).
Armour
 a - a +0 robe (worn)
 t - a +0 helmet
 v - a +0 pair of boots
Jewellery
 M - a ring of magical power (left hand)
 S - a +6 ring of strength (right hand)
Wands
 u - a wand of flame (15)
Scrolls
 d - 3 scrolls of amnesia {unknown}
 e - 2 scrolls of teleportation {unknown}
 j - 3 scrolls of identify {unknown}
 k - 2 scrolls of fog {unknown}
 l - a scroll of enchant armour {unknown}
 m - a scroll of noise {unknown}
 n - a scroll of blinking {unknown}
 o - 2 scrolls of poison {unknown}
 r - a scroll of immolation {unknown}
 s - a scroll of fear {unknown}
Potions
 b - 2 potions of magic
 c - 2 potions of lignification {unknown}
 f - a potion of enlightenment {unknown}
 g - 2 potions of cancellation {unknown}
 h - a potion of curing {unknown}
 i - a potion of degeneration {unknown}
 p - 2 potions of invisibility {unknown}

Dungeon Overview and Level Annotations

Branches:
Dungeon (5/15)
 Temple: D:4-7

Altars:
Cheibriados
Vehumet
Yredelemnul

Shops:
D:1 (   D:2 ( D:3

: #.........######.##.##.#
#.#.##.#########.##.##.#
#.#.##.##.....##.......#
#.#....##.....#####.####
#.####.##.......# #.#
####.####.##.....#.# #.#
#.........##.....#.###.#
#.#####.#.###....#..##.#
#.##......# #@##.#.#.#.#
#.##.##.### #h##..###..#
####..)....#####cS5...#.###
##
...#.))..)))........##.##
#. ......).[..)##.......#.#
###.
##...#..†....#..#..#...#
###...
.............#..#.###.##
#...## )#...#.......#...##
##.# #.#...
##...#>.....##....###.##
#.###(


You could see a centaur (ally target), an adder and a friendly inugami
(summoned).


Message History

The centaur kicks you but does no damage.
The adder bites you but does no damage.
You climb upwards.
You feel sick.
There is a stone staircase leading down here.
Casting: Summon Small Mammal (safe; 1% risk of failure)
Confirm with . or Enter, or press ? or * to list all spells.
You call for your canine familiar and it appears with a howl!
You feel sick.
The centaur hits you but does no damage.
The centaur closely misses you. The adder misses you.
Casting: Call Canine Familiar (safe; 1% risk of failure)
Confirm with . or Enter, or press ? or * to list all spells.
A tiny devil pulls itself out of the air.
You feel sick. The centaur misses you. The centaur kicks you.
* * * LOW HITPOINT WARNING * * *
The adder bites you.
* * * LOW HITPOINT WARNING * * *
The centaur hits you with a +0 orcbow.
* * * LOW HITPOINT WARNING * * *
The centaur kicks you.
* * * LOW HITPOINT WARNING * * *
Unknown command.
Unknown command.
Unknown command.
* * * LOW HITPOINT WARNING * * *
You feel sick.
You are no longer poisoned.
The adder barely misses your inugami.
The centaur shoots an arrow.
The arrow barely misses your inugami. The arrow hits you!
You die...

Skill      XL: |  1  2  3  4  5  6  7 |
---------------+----------------------+-----
Spellcasting   | 4 5 6 7 |  7.0
Summonings     | 5 6 |  6.9
Fire Magic     | 1 2 3 |  3.0
Air Magic      | 1 2 3 |  3.0
Dodging        | |  2.4
Stealth        | |  2.4

Action                     |  1- 3 |  4- 6 |  7- 9 || total
---------------------------+-------+-------+-------++-------
  Melee: Unarmed           |    13 |       |       ||    13
         Punch             |     1 |       |       ||     1
         Hand axe          |       |     3 |       ||     3
   Cast: Summon Small Mamm |    35 |    23 |     9 ||    67
         Call Imp          |     8 |    11 |    12 ||    31
         Call Canine Famil |     9 |     9 |     6 ||    24
         Summon Lightning  |       |       |     1 ||     1
 Armour: Robe              |    20 |    19 |    23 ||    62
  Dodge: Dodged            |    20 |    17 |    28 ||    65

Levels and vault maps discovered:
D:1:      lemuel_arrival_lava_pool, layout_loops_ring, serial_shops,
          shop_statue, hangedman_abyss_or_decor_lesser_grid
D:2:      layout_basic, serial_shops, shop, st_stairs_8
D:3:      layout_basic, lemuel_doored_altar, old_standard_altar, serial_shops,
          nicolae_shop_hallway_stairs, kennysheep_generic_room_4
D:4:      layout_loops_cross, mainiacjoe_overflow_alcove_2, uniq_robin
D:5:      wad_woods_settlement, layout_basic, nicolae_overflow_hidden_temple,
          nicolae_hepliaklqana_hazy_memory

Notes
Turn   | Place    | Note
-------+----------+-------------------------------------------
     0 | D:1      | cforsyth the Deep Elf Summoner began the quest for the Orb.
     0 | D:1      | Reached XP level 1. HP: 10/10 MP: 6/6
   319 | D:1      | Reached XP level 2. HP: 15/15 MP: 8/8
   445 | D:1      | Learned a level 2 spell: Call Imp
   647 | D:1      | Found Tiripis's Weapon Shoppe.
   711 | D:1      | Reached skill level 4 in Spellcasting
   879 | D:1      | Reached skill level 5 in Summonings
   879 | D:1      | Reached XP level 3. HP: 19/19 MP: 10/10
   883 | D:1      | Learned a level 3 spell: Call Canine Familiar
  1080 | D:2      | Found Obbag's Antique Weapon Shop.
  1796 | D:3      | Found Edden's Book Shop.
  2157 | D:3      | Identified the +7 hand axe "Quykocs" {freeze, Str+5}
  2270 | D:3      | Reached XP level 4. HP: 24/24 MP: 12/12
  2291 | D:3      | Reached skill level 5 in Spellcasting
  2322 | D:3      | Found a basalt altar of Yredelemnul.
  2337 | D:3      | Found a snail-covered altar of Cheibriados.
  2726 | D:4      | Noticed an ogre
  2737 | D:4      | Killed an ogre
  2738 | D:4      | Reached skill level 6 in Summonings
  2738 | D:4      | Reached XP level 5. HP: 28/28 MP: 15/15
  2888 | D:4      | Noticed Robin
  2910 | D:4      | Killed Robin
  3021 | D:4      | Reached skill level 6 in Spellcasting
  3021 | D:4      | Reached skill level 1 in Fire Magic
  3021 | D:4      | Reached skill level 1 in Air Magic
  3046 | D:4      | Reached XP level 6. HP: 12/32 MP: 17/17
  3295 | D:4      | Found a radiant altar of Vehumet.
  3332 | D:3      | Reached skill level 2 in Fire Magic
  3332 | D:3      | Reached skill level 2 in Air Magic
  3459 | D:3      | Learned a level 4 spell: Summon Blazeheart Golem
  3464 | D:3      | Learned a level 4 spell: Summon Lightning Spire
  3607 | D:4      | Reached XP level 7. HP: 36/36 MP: 19/19
  3936 | D:5      | Entered Level 5 of the Dungeon
  4031 | D:5      | Reached skill level 7 in Spellcasting
  4031 | D:5      | Reached skill level 3 in Fire Magic
  4031 | D:5      | Reached skill level 3 in Air Magic
  4086 | D:5      | Noticed a nameless horror
  4126 | D:4      | HP: 2/36 [centaur/+0 orcbow (2)]
  4127 | D:4      | Shot with an arrow by a centaur

Vanquished Creatures
  A bat (D:1)
  A goblin (D:4)
  A quokka (D:3)
3 creatures vanquished.

Vanquished Creatures (collateral kills)
  A black bear (D:3)
  An ogre (D:4)
  A scorpion (D:4)
  4 hounds
  A jelly (D:5)
  2 orc priests (D:4)
  An iguana (D:4)
  An orc wizard (D:4)
  Robin (D:4)
  6 gnolls
  6 adders
  A dart slug (D:4)
  A ribbon worm (D:2)
  9 orcs
  8 endoplasms
  4 giant cockroaches
  12 goblins
  5 hobgoblins
  11 kobolds
  A quokka (D:3)
  8 ball pythons
  A bat (D:1)
  A frilled lizard (D:2)
  6 rats
93 creatures vanquished.

Grand Total: 96 creatures vanquished

Table legend: (Time is in decaauts)
 A = Elapsed time spent in this place.
 B = Non-inter-level travel time spent in this place.
 C = Inter-level travel time spent in this place.
 D = Time resting spent in this place.
 E = Time spent auto-exploring this place.
 F = Levels seen in this place.
 G = Mean time per level.
                   A        B        C        D        E       F      G
               +--------+--------+--------+--------+--------+-----+--------+
         Total |   4127 |   3944 |    183 |     88 |   2892 |   5 |  825.4 |
       Dungeon |   4127 |   3944 |    183 |     88 |   2892 |   5 |  825.4 |
               +--------+--------+--------+--------+--------+-----+--------+

Top non-repeatable levels by time:
     D:4: 1114 daAuts
     D:3: 1077 daAuts
     D:1: 1052 daAuts
     D:2: 742 daAuts
     D:5: 140 daAuts

Table legend:
 A = Non-vault XP
 B = Vault XP
 C = Vault XP percentage of total XP
 D = Non-vault monster count
 E = Vault monster count
 F = Vault count percentage of total count
                 A         B        C        D         E       F
            +---------+---------+-------+---------+---------+-------
      Total |     965 |      34 |   3.4 |      84 |      12 |  12.5
            +---------+---------+-------+---------+---------+-------
        D:1 |      41 |       0 |   0.0 |      24 |       0 |   0.0
        D:2 |      16 |       1 |   5.9 |       8 |       1 |  11.1
        D:3 |     222 |       0 |   0.0 |      16 |       0 |   0.0
        D:4 |     582 |      33 |   5.4 |      31 |      11 |  26.2
        D:5 |     104 |       0 |   0.0 |       5 |       0 |   0.0
            +---------+---------+-------+---------+---------+-------
